Map: Abyssal Reef LE

Players

BadogEmber - Winner!

  • Race: Protoss Protoss
  • League: Platinum
  • Spawn Location: 11:00

aninpospio

  • Race: Zerg Zerg
  • League: Platinum
  • Spawn Location: 5:00

VOD

Have the link to the VOD?

Description

12 pool intu 23 min game

Time

  • Played on: May 15, 2017, 2:38 p.m.
  • Length: 23:50
Show
View Real Time Build Order
Export as new Build Order

BadogEmber Protoss - Winner!

Build Orders: 1 Gate Expand 

Get SALT Encoding   

  12  0:01  Probe (Chrono Boost)  
  13  0:11  Probe (Chrono Boost)  
  14  0:18  Pylon  
  14  0:22  Probe (Chrono Boost)  
  15  0:37  Probe (Chrono Boost)  
  15  0:38  Gateway  
  16  0:47  Probe (Chrono Boost)  
  16  0:48  Assimilator  
  17  0:58  Probe (Chrono Boost)  
  18  1:08  Probe (Chrono Boost)  
  19  1:25  Nexus  
  19  1:32  Probe (Chrono Boost)  
  19  1:42  Zealot  
  19  1:44  Pylon  
  21  1:52  Pylon  
  21  1:59  Probe (Chrono Boost)  
  22  2:04  Gateway  
  22  2:09  Gateway  
  22  2:14  Cybernetics Core  
  22  2:24  Zealot  
  22  2:25  Pylon  
  21  2:48  Zealot  
  21  2:50  Pylon  
  19  3:08  Warp Gate  
  19  3:11  Pylon  
  21  3:13  Mothership Core (Chrono Boost)  
  21  3:22  Adept  
  23  3:32  Probe (Chrono Boost)  
  24  3:37  Adept  
  24  3:38  Adept  
  28  3:42  Assimilator  
  28  3:44  Probe (Chrono Boost)  
  29  3:51  Adept  
  31  4:01  Pylon  
  31  4:18  Pylon  
  31  4:19  Adept x2  
  31  4:20  Probe (Chrono Boost)  
  31  4:21  Pylon  
  36  4:25  Pylon  
  36  4:40  Pylon  
  36  4:41  Adept  
  38  4:49  Probe (Chrono Boost)  
  40  5:01  Probe (Chrono Boost)  
  40  5:13  Probe (Chrono Boost)  
  41  5:30  Nexus  
  41  5:41  Pylon  
  41  5:46  Probe (Chrono Boost)  
  42  5:50  Adept  
  42  5:51  Adept x2  
  48  6:45  Adept  
  48  6:46  Adept x2  
  42  7:31  Stargate  
  42  7:34  Probe (Chrono Boost), Stargate  
  42  7:35  Stargate  
  42  7:36  Probe (Chrono Boost)  
  42  7:38  Stargate  
  42  7:41  Forge  
  42  7:45  Probe (Chrono Boost)  
  42  7:48  Probe (Chrono Boost), Gateway  
  44  7:51  Stalker  
  44  7:52  Stalker x2  
  44  7:55  Probe (Chrono Boost)  
  51  8:01  Probe (Chrono Boost)  
  51  8:02  Assimilator  
  51  8:04  Assimilator  
  52  8:06  Probe (Chrono Boost)  
  53  8:20  Phoenix, Photon Cannon  
  53  8:21  Photon Cannon  
  53  8:26  Phoenix  
  58  8:35  Probe (Chrono Boost)  
  58  8:36  Probe (Chrono Boost)  
  60  8:48  Phoenix  
  60  8:49  Probe (Chrono Boost)  
  60  8:51  Probe (Chrono Boost)  
  63  8:56  Phoenix  
  63  9:01  Probe (Chrono Boost)  
  67  9:03  Probe (Chrono Boost)  
  67  9:29  Phoenix  
  67  9:32  Nexus  
  69  9:45  Probe (Chrono Boost)  
  57  9:57  Probe (Chrono Boost), Oracle  
  61  10:05  Robotics Facility  
  61  10:24  Phoenix  
  63  11:10  Phoenix  
  63  11:14  Phoenix  
  66  11:36  Phoenix  
  66  11:39  Phoenix  
  70  11:40  Phoenix  
  70  11:46  Probe (Chrono Boost)  
  74  11:48  Probe (Chrono Boost)  
  74  11:57  Probe (Chrono Boost)  
  74  12:00  Probe (Chrono Boost)  
  76  12:07  Void Ray  
  80  12:28  Void Ray  
  84  12:39  Observer  
  85  12:48  Pylon  
  85  13:06  Void Ray  
  65  14:06  Void Ray, Nexus  
  55  15:11  Observer  
  56  15:17  Probe (Chrono Boost)  
  56  15:19  Probe (Chrono Boost)  
  58  15:26  Assimilator  
  58  15:28  Probe (Chrono Boost)  
  59  15:31  Probe (Chrono Boost)  
  59  15:34  Probe (Chrono Boost)  
  61  15:38  Probe (Chrono Boost)  
  63  15:43  Probe (Chrono Boost)  
  63  15:44  Probe (Chrono Boost)  
  63  15:49  Probe (Chrono Boost)  
  63  15:54  Stalker x2  
  63  15:55  Probe (Chrono Boost)  
  68  16:05  Probe (Chrono Boost)  
  68  16:06  Probe (Chrono Boost)  
  68  16:07  Probe (Chrono Boost)  
  71  16:16  Probe (Chrono Boost)  
  71  16:17  Probe (Chrono Boost)  
  73  16:33  Probe x3 (Chrono Boost)  
  76  16:44  Probe x3 (Chrono Boost)  
  72  16:54  Probe x2 (Chrono Boost)  
  72  16:55  Probe (Chrono Boost)  
  75  17:05  Probe (Chrono Boost)  
  76  17:13  Void Ray  
  76  17:14  Void Ray x2  
  76  17:15  Void Ray  
  92  17:19  Probe x3 (Chrono Boost)  
  95  17:29  Probe (Chrono Boost)  
  97  17:30  Probe x2 (Chrono Boost)  
  97  17:31  Assimilator  
  98  17:40  Probe (Chrono Boost)  
  99  17:47  Protoss Air Weapons Level 1  
  99  17:51  Probe x3 (Chrono Boost)  
  102  17:57  Nexus  
  103  18:01  Probe (Chrono Boost), Assimilator  
  103  18:04  Assimilator  
  103  18:09  Pylon  
  105  18:20  Probe x2 (Chrono Boost)  
  105  18:21  Probe (Chrono Boost)  
  106  18:30  Probe x2 (Chrono Boost)  
  106  18:33  Probe (Chrono Boost)  
  109  18:37  Stalker x4  
  117  19:08  Void Ray x3  
  129  19:19  Photon Cannon  
  129  19:21  Photon Cannon  
  129  19:23  Photon Cannon  
  129  19:25  Stalker  
  131  19:39  Protoss Shields Level 1  
  131  19:48  Pylon  
  131  19:50  Pylon  
  131  19:53  Pylon  
  131  19:59  Pylon  
  131  20:02  Fleet Beacon  
  131  20:05  Void Ray  
  131  20:06  Immortal  
  139  20:07  Void Ray x2  
  147  20:17  Protoss Air Armor Level 1  
  147  20:23  Probe (Chrono Boost)  
  147  20:28  Void Ray  
  152  20:38  Cybernetics Core  
  152  20:56  Void Ray  
  152  20:57  Void Ray x2  
  164  21:47  Pylon  
  164  21:51  Pylon  
  164  21:54  Pylon  
  164  22:05  Void Ray  
  164  22:06  Observer  
  169  22:09  Void Ray  
  169  22:13  Void Ray x2  
  154  22:48  Void Ray  
  158  22:52  Void Ray  
  162  23:05  Pylon, Nexus  
  162  23:07  Pylon  
  162  23:09  Pylon  
  162  23:11  Pylon  
  162  23:16  Observer  
  162  23:18  Pylon  
  162  23:19  Pylon  
Show
View Real Time Build Order
Export as new Build Order

aninpospio Zerg 

Build Orders: Pool First, Swarm Host 

Get SALT Encoding   

  12  0:01  Drone  
  13  0:24  Spawning Pool  
  13  0:26  Drone  
  13  0:43  Overlord  
  13  0:57  Extractor, Drone  
  12  0:58  Drone  
  14  1:14  Zergling x4  
  14  1:16  Queen  
  18  1:22  Zergling x2  
  19  1:38  Drone  
  20  1:46  Drone  
  21  1:56  Drone  
  21  1:58  Hatchery  
  21  2:02  Metabolic Boost  
  21  2:05  Drone  
  22  2:18  Overlord  
  21  2:38  Zergling x2  
  21  2:39  Zergling x6  
  23  3:17  Drone  
  23  3:19  Queen  
  26  3:25  Zergling x2  
  26  3:26  Zergling x4  
  29  3:29  Lair  
  29  3:33  Drone x2  
  29  3:53  Drone  
  29  3:54  Drone  
  31  3:58  Drone  
  31  3:59  Drone x3  
  31  4:01  Overlord  
  35  4:15  Overlord x2  
  35  4:20  Spore Crawler  
  35  4:23  Spore Crawler  
  33  4:27  Extractor  
  33  4:28  Drone x4  
  36  4:33  Infestation Pit  
  35  4:43  Evolution Chamber  
  35  4:44  Spore Crawler, Drone x3  
  35  4:45  Drone  
  37  4:53  Zergling x4  
  39  5:19  Spore Crawler  
  38  5:34  Zerg Ground Armor Level 1  
  38  5:40  Drone x5, Spire  
  42  5:44  Extractor  
  42  5:47  Extractor, Drone  
  42  5:48  Drone x2  
  43  5:51  Overseer  
  43  5:54  Overseer  
  41  6:29  Swarm Host x3  
  49  6:32  Zergling x2  
  49  6:33  Zergling x22  
  56  6:45  Spine Crawler  
  52  6:47  Spine Crawler  
  52  6:53  Zergling x6  
  40  7:11  Swarm Host  
  38  7:47  Spine Crawler  
  38  7:48  Drone  
  38  7:49  Drone x2  
  38  7:50  Spine Crawler  
  39  7:58  Drone x4  
  42  8:04  Zerg Ground Armor Level 2  
  43  8:12  Swarm Host  
  46  8:26  Drone x2  
  48  8:37  Swarm Host  
  51  8:47  Drone x2  
  53  8:53  Drone x6  
  59  9:04  Overlord  
  59  9:21  Overlord x3  
  59  9:22  Queen  
  61  9:27  Overseer  
  61  10:05  Mutalisk  
  61  10:06  Mutalisk x8  
  79  10:20  Spore Crawler  
  78  10:26  Spore Crawler  
  78  10:27  Drone x3  
  80  10:31  Spine Crawler  
  79  10:59  Corruptor  
  79  11:00  Corruptor  
  79  11:01  Overlord  
  79  11:02  Overlord  
  82  11:31  Corruptor x3  
  82  11:32  Mutalisk x3  
  94  12:07  Overlord x2  
  94  12:08  Overlord x3  
  94  12:15  Spore Crawler  
  92  12:47  Corruptor x2  
  92  12:48  Corruptor x3  
  84  13:38  Corruptor x6  
  84  13:39  Corruptor x2  
  80  14:06  Zerg Flyer Armor Level 1  
  80  14:51  Hydralisk Den  
  79  15:03  Corruptor x2  
  79  15:04  Corruptor x2  
  87  15:30  Hatchery  
  86  15:42  Hive  
  86  15:46  Corruptor x2  
  86  15:47  Corruptor  
  92  16:01  Zergling x2  
  92  16:02  Zergling x22  
  94  17:01  Greater Spire  
  92  17:09  Drone  
  92  17:10  Drone x2  
  92  17:14  Extractor  
  94  17:25  Corruptor x3  
  94  17:26  Corruptor  
  94  17:28  Extractor  
  101  17:38  Hydralisk x3  
  101  17:39  Hydralisk  
  109  17:56  Drone  
  109  17:57  Drone x2  
  112  18:14  Brood Lord  
  112  18:19  Overlord x3  
  114  18:20  Overlord  
  114  18:43  Brood Lord x3  
  114  18:48  Brood Lord  
  122  18:56  Corruptor  
  124  19:04  Corruptor  
  126  19:14  Brood Lord  
  128  19:23  Corruptor  
  130  19:49  Corruptor x3  
  136  20:42  Corruptor x3  
  136  20:43  Corruptor  
  142  21:02  Overlord x2  
  142  21:03  Overlord x2  
  142  21:04  Corruptor x2  
  57  22:57  Corruptor  
  57  22:58  Corruptor x8  
  66  23:27  Spore Crawler  
Tags
 
Add a new tag
Caveats
  • Supply blocks, unpowered buildings, or Contaminate may cause inaccurate times.
  • Supply counts are checked every 10 seconds.